 Dungeon Crawl Stone Soup version 0.21.1-1-g345015f (webtiles) character file.

575 inmateoo the Ruffian (level 7, -7/59 HPs)
             Began as a Minotaur Fire Elementalist on Feb 18, 2018.
             Killed by divine providence
             ... invoked by an orc priest
              (14 damage)
             ... on level 5 of the Dungeon.
             The game lasted 00:04:34 (3868 turns).

inmateoo the Ruffian (Minotaur Fire Elementalist)   Turns: 3868, Time: 00:04:35

Health: -7/59      AC: 13    Str: 14    XL:     7   Next: 12%
Magic:  8/8        EV:  2    Int: 12    God:
Gold:   126        SH: 12    Dex: 11    Spells: 8/8 levels left

rFire    . . .     SeeInvis .     - Unarmed
rCold    + . .     Gourm    .   v - +0 large shield
rNeg     . . .     Faith    .   o - +0 chain mail {rC+}
rPois    .         Spirit   .   (helmet restricted)
rElec    .         Reflect  .   (no cloak)
rCorr    +         Harm     .   g - +0 pair of gloves
MR       .....                  (no boots)
Stlth    ..........             (no amulet)
HPRegen  0.19/turn              j - +4 ring of protection
MPRegen  0.11/turn              a - ring of resist corrosion

@: no status effects
A: retaliatory headbutt, horns 2
a: no special abilities


You were on level 5 of the Dungeon.
You were very hungry.

You visited 1 branch of the dungeon, and saw 5 of its levels.

You collected 126 gold pieces.

Inventory:

Missiles
 q - 7 javelins (quivered)
Armour
 g - a +0 pair of gloves (worn)
 o - a +0 chain mail of cold resistance (worn)
 v - a +0 large shield (worn)
Jewellery
 a - a ring of resist corrosion (right hand)
 j - a +4 ring of protection (left hand)
Wands
 b - a wand of iceblast (18)
Scrolls
 d - 3 scrolls of remove curse
 i - 4 scrolls of blinking
 p - 2 scrolls of amnesia
Potions
 e - a potion of lignification
 f - 2 potions of agility {unknown}
 h - a potion of berserk rage {unknown}
 l - 5 potions of curing {unknown}
 m - a potion of might {unknown}
 n - a potion of haste
 r - 2 potions of brilliance
 s - 2 potions of cancellation
 t - a potion of heal wounds
Comestibles
 c - 5 rations


   Skills:
 + Level 4.1 Fighting
 + Level 2.4 Armour
 + Level 3.3 Dodging
 - Level 1.5 Stealth
 + Level 2.5 Shields
 * Level 5.5 Unarmed Combat
 - Level 1.3 Spellcasting
   Level 0.6 Conjurations
   Level 2.1 Fire Magic


You had 8 spell levels left.
You didn't know any spells.

Dungeon Overview and Level Annotations

Branches:
Dungeon (5/15)
 Temple: D:4-7

Altars:
Okawaru
Trog
Yredelemnul

Shops:
D:4 [

Annotations:
D:4 Grinder


Innate Abilities, Weirdness & Mutations

You reflexively headbutt those who attack you in melee.
You have a pair of horns on your head.


Message History

Beogh smites you!
You hear a shout! x3
You hit the orc priest but do no damage.
You block the orc priest's attack.
You are too injured to fight recklessly!
You hit the orc priest but do no damage.
You block the orc priest's attack.
A gnoll comes into view. It is wielding a spear.
You are too injured to fight recklessly!
Your shield prevents you from hitting the orc priest.
You block the gnoll's attack.
The orc priest mumbles some strange prayers to Beogh against you.
Beogh smites you!
* * * LOW HITPOINT WARNING * * *
You are too injured to fight recklessly!
You hit the orc priest but do no damage.
The gnoll hits you but does no damage.
The orc priest calls down the wrath of Beogh upon you.
Beogh smites you!
You die...

....#
#..........
....#
#..........
....#
#..(.......
....#
##..........
#####
#...........
#.##.#.###.
#.##.#.# #
#......###g#
#.......@o.#
#......#####
#.......
#.#......
#.........
#..........
............
.......


You could see an orc priest and a gnoll.

Vanquished Creatures
  2 ogres
  A scorpion (D:4)
  2 crimson imps
  A centaur skeleton (D:4)
  Ijyb (D:4)
  A worker ant (D:4)
  A hound zombie (D:3)
  Robin (D:2)
  2 gnolls (D:5)
  6 adders
  2 shadow imps (D:5)
  2 oozes
  2 adder skeletons
  A worm (D:2)
  3 dart slugs
  2 leopard geckos
  2 ball pythons
  2 giant cockroaches
  16 goblins
  11 hobgoblins
  5 jackals (D:3)
  5 kobolds
  A quokka (D:3)
  A ball python skeleton (D:3)
  5 bats
  3 frilled lizards
  A giant cockroach zombie (D:3)
  A jackal skeleton (D:3)
  A quokka zombie (D:3)
  2 rats
86 creatures vanquished.

Notes
Turn   | Place    | Note
-------+----------+-------------------------------------------
     0 | D:1      | inmateoo the Minotaur Fire Elementalist began the quest for the Orb.
     0 | D:1      | Reached XP level 1. HP: 14/14 MP: 1/1
    17 | D:1      | Reached skill level 1 in Unarmed Combat
   243 | D:1      | Reached skill level 1 in Fighting
   311 | D:1      | Reached XP level 2. HP: 23/23 MP: 3/3
   672 | D:1      | Reached skill level 2 in Unarmed Combat
   823 | D:2      | Reached XP level 3. HP: 25/29 MP: 4/4
  1278 | D:2      | You fall through a shaft for 2 floors!
  1280 | D:4      | Noticed an ogre
  1290 | D:4      | Killed an ogre
  1290 | D:4      | Reached skill level 4 in Unarmed Combat
  1290 | D:4      | Reached XP level 4. HP: 22/38 MP: 5/5
  1427 | D:4      | Noticed Grinder
  1436 | D:3      | Found an iron altar of Okawaru.
  1436 | D:3      | Found a bloodstained altar of Trog.
  1483 | D:3      | Reached XP level 5. HP: 45/45 MP: 6/6
  1783 | D:2      | Noticed Robin
  1914 | D:2      | Killed Robin
  2229 | D:3      | Reached skill level 1 in Armour
  2229 | D:3      | Reached skill level 1 in Shields
  2436 | D:3      | Reached XP level 6. HP: 51/51 MP: 7/7
  2475 | D:3      | Reached skill level 5 in Unarmed Combat
  2646 | D:3      | Found a faded altar of an unknown god.
  2862 | D:4      | Noticed Ijyb
  2915 | D:4      | Killed Ijyb
  3065 | D:4      | Found Qyuc's Armour Emporium.
  3337 | D:4      | Found a basalt altar of Yredelemnul.
  3508 | D:5      | Entered Level 5 of the Dungeon
  3622 | D:5      | Reached XP level 7. HP: 58/59 MP: 8/8
  3868 | D:5      | Killed from afar by an orc priest

Skill      XL: |  1  2  3  4  5  6 |
---------------+-------------------+-----
Unarmed Combat | 1 2 4 5 |  5.5
Fighting       | 1 3 4 |  4.1
Armour         | 1 2 |  2.4
Shields        | 1 2 |  2.5
Dodging        | 3 |  3.3
Stealth        | |  1.5
Spellcasting   | |  1.3
Conjurations   | |  0.6
Fire Magic     | |  2.1

Action                   |  1- 3 |  4- 6 |  7- 9 || total
-------------------------+-------+-------+-------++-------
Melee: Unarmed           |    81 |   336 |    23 ||   440
       Headbutt          |    12 |    50 |     4 ||    66
       Punch             |     1 |       |       ||     1
Throw: Javelin           |     4 |       |       ||     4
  Use: Scroll            |       |    11 |       ||    11
  Eat: Chunk             |     1 |     8 |       ||     9
Armor: Robe              |     2 |       |       ||     2
       Scale mail        |    24 |   140 |       ||   164
       Chain mail        |       |    30 |     3 ||    33
Dodge: Dodged            |    38 |    51 |       ||    89
Block: Large shield      |       |   186 |    12 ||   198
